 Dungeon Crawl Stone Soup version 0.30.0-5-g1a98f26d00 (webtiles) character file.

Game seed: 10829387971560355793

52 dolemite99 the Magician (level 4, -3/31 HPs)
             Began as a Djinni Ice Elementalist on May 11, 2023.
             Slain by Ijyb
             ... wielding a +3 dagger
              (6 damage)
             ... on level 3 of the Dungeon.
             The game lasted 00:05:15 (2081 turns).

dolemite99 the Magician (Djinni Ice Elementalist)   Turns: 2081, Time: 00:05:16

Health: -3/31      AC:  2    Str:  7    XL:     4   Next: 8%
Gold:   99         EV: 12    Int: 19    God:
                   SH:  0    Dex: 13

rFire   + + .        f - +0 mace
rCold   x . .        (no shield)
rNeg    . . .        a - +0 robe
rPois   ∞            (helmet restricted)
rElec   .            (no cloak)
rCorr   .            (no gloves)
SInv    .            (boots unavailable)
Will    .....        (no amulet)
Stlth   +++          (no ring)
HPRegen 0.25/turn    (no ring)
MPRegen 0.00/turn

%: infuse magic (-4 HP)
@: brilliant, attractive, flying
A: sickness immunity, fire resistance 2, cold vulnerability 1, float, innate
caster, HP casting, extra vitality 1, beak, camouflage 1
a: no special abilities


You were on level 3 of the Dungeon.
You visited 1 branch of the dungeon, and saw 3 of its levels.

You collected 99 gold pieces.

Inventory:

Hand Weapons
 f - a +0 mace (weapon)
 i - a +0 spear
 j - a +0 mace
 n - a +0 sling
Armour
 a - a +0 robe (worn)
Scrolls
 e - 2 scrolls of magic mapping {unknown}
 g - 2 scrolls of identify {unknown}
 h - a scroll of fog {unknown}
 l - a scroll of teleportation {unknown}
 m - a scroll of noise {unknown}
 p - a scroll of blinking {unknown}
Potions
 d - 2 potions of brilliance
 k - a potion of flight {unknown}
 o - a potion of curing {unknown}


   Skills:
 - Level 3.0 Dodging
 - Level 2.3 Stealth
 + Level 3.7 Spellcasting


You knew the following spells:

 Your Spells              Type           Power      Damage    Failure   Level
a - Freeze                Ice            100%       1d10      3%          1
b - Frozen Ramparts       Ice            52%        1d8       10%         3
c - Ozocubu's Armour      Ice            26%        N/A       10%         3
d - Summon Ice Beast      Ice/Summ       26%        N/A       30%         4
e - Kiss of Death         Conj/Necr      100%       2d13      3%          1
Your spell library was empty.

Dungeon Overview and Level Annotations

Branches:
Dungeon (3/15)

Altars:

Annotations:
D:3 Ijyb


Innate Abilities, Weirdness & Mutations

You are immune to sickness and miasma.
You are immune to poison.
Your flesh is very heat resistant. (rF++)
You are vulnerable to cold. (rC-)
You float through the air rather than walking.
You learn spells naturally, not from books.
Your magical power is your life essence.
You have superior vitality. (+4 MHP)
You have a beak for a mouth.
Your skin changes colour to match your surroundings (Stealth+).


Message History

Done exploring.
Done exploring.
(D) Dungeon
Where to? (Enter - D:2, ? - help)
What level of the Dungeon? (default 1, ? - help)
There is a stone staircase leading down here.
You fly downwards.
Found 12 gold pieces and a book of the Hunter.
There is a stone staircase leading up here.
You now have 99 gold pieces (gained 12).
p - a scroll labelled ZUSIEF DUFIFA
Found a leather armour.
Ijyb the Twisted Goblin comes into view.
She is wielding a +3 dagger and carrying a wand of iceblast (13).
Ijyb shouts!
Found a stone staircase leading down.
Ijyb zaps a wand.
The mass of ice explodes!
The iceblast engulfs you!
You feel a painful chill!
You hear a shout! x3; You hear an angry hiss.
An orc comes into view. It is wielding a +0 club.
Ijyb zaps a wand.
The mass of ice explodes!
The iceblast engulfs you!
You feel a painful chill! 2 orcs come into view.
The orc shouts!
Ijyb screams, "I no like you!"
Ijyb screams, "Me very upset!"
Ijyb hits you with a +3 dagger.
* * * LOW HITPOINT WARNING * * *
It was a potion of brilliance.
You feel clever all of a sudden. Ijyb hits you with a +3 dagger.
* * * LOW HITPOINT WARNING * * *
It was a potion of attraction.
You feel attractive to monsters. The orc hits you with a +0 club.
* * * LOW HITPOINT WARNING * * *
Ijyb completely misses you.
It was a potion of mutation.
You feel extremely strange.
Your skin functions as natural camouflage.
Your mouth lengthens and hardens into a beak!
Ijyb hits you with a +3 dagger.
You die...

....:.... #. .## .#
.........##.# ...#..#
.........##.####..#.#
.........#..........#
.........#.........#
.........#.........#
<..................##
.........#......o...#...
................@go.....
#####.###........o......
###..# #.........[.....
##...## #.##...#.##.....
...#####..###.##.# .....
#........## #.##.# ....
#........# >..... ...
#........# .#.#... ...
#......... ....


You could see Ijyb and 3 orcs.

Vanquished Creatures
  An adder (D:2)
  A dart slug (D:1)
  5 ball pythons
  2 bats
  6 endoplasms
  A giant cockroach (D:1)
  2 hobgoblins (D:1)
  5 kobolds (D:2)
  2 frilled lizards (D:2)
  7 goblins
  5 rats
37 creatures vanquished.

Notes
Turn   | Place    | Note
-------+----------+-------------------------------------------
     0 | D:1      | dolemite99 the Djinni Ice Elementalist began the quest for
                  | the Orb.
     0 | D:1      | dolemite99 set off with the following spells memorised:
                  | Freeze, Frozen Ramparts, Ozocubu's Armour, Summon Ice
                  | Beast.
     0 | D:1      | Reached XP level 1. HP: 15/15 MP: 0/0
   229 | D:1      | Reached XP level 2. HP: 18/21 MP: 0/0
   694 | D:1      | Reached XP level 3. HP: 10/25 MP: 0/0
   694 | D:1      | Learned a level 1 spell: Kiss of Death
  1819 | D:2      | Reached XP level 4. HP: 29/31 MP: 0/0
  2074 | D:3      | Noticed Ijyb
  2081 | D:3      | Gained mutation: Your skin changes colour to match your
                  | surroundings (Stealth+). [potion of mutation]
  2081 | D:3      | Gained mutation: You have a beak for a mouth. [potion of
                  | mutation]
  2081 | D:3      | Slain by Ijyb

Illustrated notes

Levels and vault maps discovered:
D:1:      dpeg_arrival_orchard, layout_basic, minmay_misc_feat_four_crosses,
          minmay_misc_feat_cross, nicolae_kite_square_tiling_tiny,
          minmay_misc_feat_encased, minmay_octomino_j4
D:2:      layout_rooms
D:3:      layout_rooms, uniq_pargi, uniq_ijyb

Skill      XL: |  1  2  3 |
---------------+----------+-----
Stealth        | 2 |  2.3
Dodging        | 3 |  3.0
Spellcasting   | |  3.7

Action                     |  1- 3 |  4- 6 || total
---------------------------+-------+-------++-------
  Melee: Mace              |    10 |       ||    10
   Cast: Freeze            |    44 |     6 ||    50
    Use: Potion            |       |     3 ||     3
   Stab: Sleeping          |     1 |       ||     1
 Armour: Robe              |    13 |     3 ||    16
  Dodge: Dodged            |    36 |     8 ||    44
